Map: Orbital Shipyard

Players

Aurora

  • Race: Zerg Zerg
  • League: Platinum

Ori - Winner!

  • Race: Zerg Zerg
  • League: Master

VOD

Have the link to the VOD?

Description

fbffbfb

Time

  • Played on: Nov. 29, 2015, 12:31 p.m.
  • Length: 6:18
Show
View Real Time Build Order
Export as new Build Order

Aurora Zerg 

Build Orders: Pool Only, Zergling Baneling 

Get SALT Encoding   

  12  0:01  Drone  
  13  0:16  Extractor  
  12  0:24  Spawning Pool  
  12  0:28  Drone  
  12  0:33  Drone  
  13  0:40  Drone  
  14  0:49  Overlord  
  14  1:12  Queen  
  14  1:15  Zergling x2  
  17  1:18  Metabolic Boost  
  17  1:23  Zergling x2  
  18  1:27  Zergling x2  
  18  1:32  Zergling x2  
  20  1:49  Zergling x2  
  20  1:50  Baneling Nest  
  20  2:01  Zergling x4  
  22  2:17  Overlord  
  22  2:24  Zergling x2, Extractor  
  23  2:35  Baneling x4  
  23  2:37  Zergling x4  
  23  2:38  Zergling x2  
  25  3:17  Zergling x2  
  24  3:23  Zergling x6  
  23  3:33  Zergling x2  
  22  3:49  Zergling x2  
  22  3:52  Baneling x4  
  22  3:53  Baneling x2  
  23  3:55  Baneling  
  23  3:56  Zergling x2, Baneling  
  23  3:57  Zergling x4  
  23  3:58  Zergling x2  
  27  4:16  Zergling x2  
  23  4:26  Zergling x2  
  23  4:29  Zergling x6  
  23  4:30  Zergling x2  
  14  4:47  Baneling  
  14  4:48  Baneling x3  
  9  4:58  Zergling x2  
  10  5:10  Drone  
  10  5:23  Zergling x2  
  11  5:40  Zergling x2  
  12  5:46  Zergling x2  
Show
View Real Time Build Order
Export as new Build Order

Ori Zerg - Winner!

Build Orders: Hatch First 

Get SALT Encoding   

  12  0:01  Drone  
  13  0:13  Overlord  
  13  0:18  Drone  
  14  0:31  Drone x2  
  16  0:36  Drone  
  17  0:52  Hatchery  
  17  0:55  Drone  
  17  0:58  Drone  
  17  1:02  Extractor  
  17  1:09  Drone  
  18  1:18  Spawning Pool  
  17  1:21  Drone  
  18  1:29  Drone  
  19  1:40  Drone  
  20  2:05  Queen, Zergling x6  
  20  2:07  Spine Crawler  
  24  2:08  Metabolic Boost  
  24  2:13  Zergling x2  
  25  2:21  Zergling x2  
  26  2:23  Zergling x2  
  26  2:29  Baneling Nest  
  26  2:30  Zergling x2  
  26  3:00  Zergling x4  
  26  3:02  Overlord  
  23  3:22  Zergling x2  
  23  3:23  Zergling x16  
  22  3:44  Zergling x2  
  23  3:48  Zergling x2  
  24  3:59  Baneling x4  
  22  4:19  Zergling x2  
  22  4:20  Zergling x6  
  25  4:26  Zergling x4  
  22  4:37  Zergling x2  
  21  4:41  Baneling  
  12  4:59  Zergling x2  
  13  5:06  Zergling x2  
  13  5:34  Zergling x4  
  15  5:49  Zergling x4  
Tags
 
Add a new tag
Caveats
  • Supply blocks, unpowered buildings, or Contaminate may cause inaccurate times.
  • Supply counts are checked every 10 seconds.